 Seeded DCSS version 0.31.0-32-g396128a36d (webtiles) character file.

Game seed: 313020987456484277 (custom seed)

297871 timneilson the Hoplite (level 20, -8/136 HPs)
             Began as a Gargoyle Fighter on Mar 30, 2024.
             Was an Initiate of Gozag.
             Killed from afar by a frost giant (13 damage)
             ... with a bolt of cold
             ... on level 3 of the Vaults on Mar 31, 2024.
             The game lasted 02:23:56 (55059 turns).

timneilson the Hoplite (Gargoyle Fighter)          Turns: 55059, Time: 02:23:58

Health: -8/136     AC: 43    Str: 23    XL:     20   Next: 94%
Magic:  3/6        EV: 14    Int:  9    God:    Gozag
Gold:   3658       SH: 26    Dex: 21    Spells: 19/19 levels left

rFire   + + .        c - +2 double sword (antimagic)
rCold   + + .        Y - +2 tower shield {rC+}
rNeg    + + .        a - +1 plate armour {rF+}
rPois   ∞            j - +0 mask of the Dragon {Will+ Slay+3 SInv}
rElec   +            r - scarf {rC+ rF+}
rCorr   .            I - +3 Mad Mage's Maulers {Infuse+∞ VampMP -Cast}
SInv    +            G - +1 pair of boots
Will    +++++        O - amulet of the Four Winds {rN+ Will+++ Clar} Stlth
                     b - +6 ring of dexterity
HPRegen 0.42/turn    m - +4 ring of slaying
MPRegen 0.10/turn

%: no spellcasting, clarity, infuse magic (3 MP)
@: about to teleport, gold aura, flying, studying 2 skills
A: sickness immunity, AC +15, big wings, negative energy resistance 1,
electricity resistance, torment resistance 1, petrification resistance
}: 2/15 runes: decaying, serpentine
a: Renounce Religion, Potion Petition, Call Merchant, Bribe Branch


You were on level 3 of the Vaults.
You worshipped Gozag.
Gozag was most pleased with you.
You visited 7 branches of the dungeon, and saw 34 of its levels.
You also visited: Sewer and Wizlab.

You collected 16967 gold pieces.
You spent 8259 gold pieces at shops.
You paid 5050 gold pieces to Gozag.

Inventory:

Hand Weapons
 c - a +2 antimagic double sword (weapon)
 f - a +4 scimitar of flaming
Missiles
 h - 5 curare-tipped darts
 q - 110 poisoned darts (quivered)
 W - 4 throwing nets
Armour
 a - a +1 plate armour of fire resistance (worn)
 j - the +0 mask of the Dragon (worn) {Will+ Slay+3 SInv}
   (You found it on level 3 of the Dungeon)

   Slay+3:    It affects your accuracy & damage with ranged weapons and melee
   (+3).
   Will+:     It increases your willpower.
   SInv:      It lets you see invisible.
 r - a scarf of resistance (worn)
 G - a +1 pair of boots (worn)
 I - the +3 Mad Mage's Maulers (worn) {Infuse+∞ VampMP -Cast}
   (You bought it in a shop on level 8 of the Dungeon)

   Infuse+∞: It empowers its wearer's blows with all of their magic.
   VampMP:    Blows struck in melee replenish the wearer's magic.
   -Cast:     It prevents spellcasting.
 Y - a +2 tower shield of cold resistance (worn)
Jewellery
 b - a +6 ring of dexterity (left hand)
 m - a +4 ring of slaying (right hand)
 E - a ring of resist corrosion
 O - the amulet of the Four Winds (around neck) {rN+ Will+++ Clar}
   (You bought it in a shop on level 8 of the Dungeon)

   [amulet of nothing]

   rN+:       It protects you from negative energy.
   Will+++:   It greatly increases your willpower.
   Clar:      It protects you from confusion, rage, mesmerisation and fear.
Wands
 k - a wand of acid (4)
 o - a wand of mindburst (14)
 t - a wand of iceblast (39)
 D - a wand of flame (67)
 Q - a wand of digging (10)
Scrolls
 e - 9 scrolls of teleportation
 g - 4 scrolls of revelation
 l - 15 scrolls of identify
 s - 10 scrolls of fear
 w - 4 scrolls of blinking
 y - 10 scrolls of enchant armour
 z - a scroll of silence
 H - 3 scrolls of immolation
 J - 4 scrolls of summoning
 N - 3 scrolls of poison
 R - 5 scrolls of enchant weapon
 U - 5 scrolls of fog
Potions
 d - a potion of might
 i - 10 potions of heal wounds
 n - 4 potions of cancellation
 p - 3 potions of haste
 u - 4 potions of attraction
 v - a potion of lignification
 B - 5 potions of curing
 C - 2 potions of magic
 F - 2 potions of berserk rage
 K - 4 potions of resistance
 M - 4 potions of mutation
 X - 2 potions of ambrosia
Miscellaneous
 P - a condenser vane (inert)
 T - a phantom mirror
 Z - a lightning rod (4/4)


   Skills:
 + Level 18.3 Fighting
 * Level 17.0 Long Blades
 * Level 20.1 Armour
 + Level 11.7 Dodging
 * Level 22.1 Shields
 + Level 8.7 Evocations


You had 19 spell levels left.
You didn't know any spells.
Your spell library contained the following spells:

 Spells                   Type           Power      Damage    Failure   Level
 Necrotise                Necr           0%         1d4       98%         1
 Sandblast                Erth           0%         2d4       98%         1
 Summon Small Mammal      Summ           0%         N/A       98%         1
 Blink                    Tloc           0%         N/A       99%         2
 Call Imp                 Summ           0%         N/A       99%         2
 Ensorcelled Hibernation  Hex/Ice        0%         N/A       99%         2
 Jinxbite                 Hex            0%         N/A       99%         2
 Lesser Beckoning         Tloc           0%         N/A       99%         2
 Momentum Strike          Conj/Tloc      0%         3d8       99%         2
 Scorch                   Fire           0%         2d5       99%         2
 Call Canine Familiar     Summ           0%         N/A       100%        3
 Frozen Ramparts          Ice            0%         1d1       100%        3
 Gell's Gravitas          Tloc           0%         N/A       100%        3
 Passwall                 Erth           0%         N/A       100%        3
 Sigil of Binding         Hex            0%         N/A       100%        3
 Stone Arrow              Conj/Erth      0%         3d7       100%        3
 Summon Ice Beast         Ice/Summ       0%         N/A       100%        3
 Swiftness                Air            0%         N/A       100%        3
 Teleport Other           Tloc           0%         N/A       100%        3
 Tukima's Dance           Hex            0%         N/A       100%        3
 Vampiric Draining        Necr           0%         2d6       100%        3
 Brom's Barrelling Bould  Conj/Erth      0%         2d3       100%        4
 Dimensional Bullseye     Hex/Tloc       0%         N/A       100%        4
 Flame Wave               Conj/Fire      0%         2d4       100%        4
 Iskenderun's Mystic Bla  Conj/Tloc      0%         2d3       100%        4
 Leda's Liquefaction      Alch/Erth      0%         N/A       100%        4
 Martyr's Knell           Necr/Summ      0%         N/A       100%        4
 Petrify                  Alch/Erth      0%         N/A       100%        4
 Summon Blazeheart Golem  Fire/Summ      0%         N/A       100%        4
 Vhi's Electric Charge    Tloc/Air       0%         N/A       100%        4
 Arcjolt                  Conj/Air       0%         1d10      100%        5
 Borgnjor's Vile Clutch   Necr/Erth      0%         N/A       100%        5
 Curse of Agony           Necr           0%         N/A       100%        5
 Metabolic Englaciation   Hex/Ice        0%         N/A       100%        5
 Summon Forest            Summ/Tloc      0%         N/A       100%        5
 Summon Mana Viper        Hex/Summ       0%         N/A       100%        5
 Yara's Violent Unravell  Hex/Alch       0%         3d3       100%        5
 Death Channel            Necr           0%         N/A       100%        6
 Summon Cactus Giant      Summ           0%         N/A       100%        6
 Enfeeble                 Hex            0%         N/A       100%        7
 Monstrous Menagerie      Summ           0%         N/A       100%        7
 Orb of Destruction       Conj           0%         9d5       100%        7
 Spellforged Servitor     Conj/Summ      0%         N/A       100%        7
 Summon Hydra             Summ           0%         N/A       100%        7
 Maxwell's Capacitive Co  Air            0%         ∞         100%        8
 Chain Lightning          Conj/Air       0%         N/A       100%        9
 Fire Storm               Conj/Fire      0%         5d1       100%        9
 Shatter                  Erth           0%         3d5*      100%        9
 Sublimation of Blood     Necr           Unusable   N/A       N/A         2
 Animate Dead             Necr           Unusable   N/A       N/A         4

Dungeon Overview and Level Annotations

Branches:
Dungeon (15/15)            Temple (1/1) D:4            Lair (5/5) D:8
  Swamp (4/4) Lair:2        Snake (4/4) Lair:3        Slime (0/5) Lair:4
    Orc (2/2) D:11            Elf (0/3) Orc:2        Vaults (3/5) D:14
  Crypt (0/3) Vaults:3     Depths (0/4) D:15          Sewer (visited)
 WizLab (visited)

Altars:
Ashenzari
Cheibriados
Dithmenos
Elyvilon
Fedhas
Gozag
Hepliaklqana
Kikubaaqudgha
Makhleb
Nemelex Xobeh
Okawaru
Qazlal
Ru
Sif Muna
Trog
Uskayaw
Vehumet
Wu Jian
Xom
Yredelemnul
Zin
The Shining One

Shops:
D:1 [   D:4 :[   D:8 [*=[   D:11 :   D:15 [   Orc:2 ?(:?   Vaults:1 ?

Annotations:
D:5 2 runed translucent doors, BoneyBoi1234's ghost, novice TrSh
D:8 3 runed translucent doors, mainiacjoe's ghost, novice OpEE
D:12 2 transporters, chippings's ghost, journeyman DrSh
Snake:1 6 transporters
Vaults:3 36 runed translucent doors


Innate Abilities, Weirdness & Mutations

You are immune to sickness and miasma.
Your stone body is resilient. (AC +15)
You are immune to poison.
Your large and strong wings let you fly.
You resist negative energy. (rN+)
You are resistant to electric shocks. (rElec)
You are resistant to unholy torment.
You are immune to petrification.


Message History

The ironbound frostheart calls freezing cold from the walls.
The frost grips you! You resist.
You are encased in ice.
You reach down and open the large door.
The sphinx is engulfed in acidic fog.
The sphinx seems to be corroded for longer.
You block the stone giant's attack.
You block the ironbound preserver's attack.
The catoblepas is engulfed in poison gas.
The catoblepas looks as sick as possible!
The catoblepas breathes a plume of calcifying dust at you.
The blast of calcifying dust hits you but does no damage.
The tengu reaver is engulfed in freezing vapours.
The ironbound frostheart is engulfed in freezing vapours.
The ironbound frostheart calls freezing cold from the walls.
The frost grips you! You resist.
* * * LOW HITPOINT WARNING * * *
An ettin comes into view. It is wielding two +0 dire flails.
The ice encasing you melts away.
The sphinx is engulfed in acidic fog.
The stone giant throws a large rock.
You block the large rock.
The catoblepas is engulfed in poison gas.
The catoblepas looks as sick as possible!
The catoblepas attacks as it pursues you!
The catoblepas gores you!!
* * * LOW HITPOINT WARNING * * *
The ironbound preserver falters for a moment.
The tengu reaver is engulfed in freezing vapours.
The sphinx is engulfed in acidic fog.
The sphinx seems to be corroded for longer.
There is a large open door here.
As you read the scroll of teleportation, it crumbles to dust.
You feel strangely unstable. The catoblepas gores you!
* * * LOW HITPOINT WARNING * * *
You slash the catoblepas!
You kill the catoblepas!
The frost giant looks even sicker.
The frost giant gestures at you while chanting.
The bolt of cold hits you! You resist.
You die...
Your body crumbles into a pile of gold.

#.#.........##...#.. ..#
#.'.........##...#C###..#
#.#.........##...#......
..+.........##...#....#
###.........##§).#C...##
#.........##)§)#......,.,
#.........'...§'.# ,.p#
#.........'....§C##....#
########'#####..@#§.H.....
#.........# #...#CC..##..
#...[.....# #...#eQ..# ,
#.........# #...#......,
#.........# #...#.###..#
#.........# #...#.. ..#
#.........# ####### ,.#
#.........# . #.........#


You could see a frost giant (very poisoned) and an ettin.

Vanquished Creatures
  A Head Instructor (WizLab)
  Vashnia (Snake:2)
  Saint Roka (Snake:4)
  Nikola (Swamp:1)
  A tentacled monstrosity (Swamp:3)
  Jorgrun (D:15)
  Rupert (Lair:3)
  A quicksilver dragon (WizLab)
  Gastronok (Lair:2)
  Aizul (Snake:1)
  7 nagarajas
  A fenstrider witch (Swamp:4)
  A draconian knight (WizLab)
  6 vault wardens
  Louise (D:14)
  3 orc warlords
  2 formless jellyfish
  10 ironbound preservers
  2 stone giants
  A very ugly thing (Swamp:4)
  5 ironbound thunderhulks
  2 vampire knights
  A deep elf annihilator (Vaults:3)
  Azrael (D:14)
  2 eleionomae
  14 dire elephants
  5 bunyips
  2 crystal guardians (Vaults:1)
  Snorg (Orc:1)
  2 green deaths (Swamp:4)
  A quicksilver dragon zombie (D:15)
  An entropy weaver (Vaults:2)
  A shambling mangrove (Swamp:4)
  15 hydras
  A peacekeeper (Vaults:1)
  6 great orbs of eyes
  Fannar (Lair:1)
  8 vault guards
  3 yaktaur captains
  A spriggan air mage (WizLab)
  3 ironbound frosthearts
  2 rakshasas (D:11)
  4 centaur warriors
  10 alligators
  2 catoblepae
  2 hell beasts (Swamp:4)
  A ghost crab (Swamp:3)
  A merfolk avatar (Lair:5)
  8 anacondas
  6 ogre magi
  A boulder beetle (Lair:4)
  2 death knights
  2 vampire magi
  An orc high priest (Orc:2)
  A sphinx skeleton (D:15)
  11 two-headed ogres
  21 naga warriors
  Urug (Lair:3)
  5 shock serpents
  A deep elf knight (WizLab)
  11 spriggans
  A skyshark (Lair:3)
  2 skeletal warriors
  20 naga sharpshooters
  2 salamander mystics (Snake:4)
  Nergalle (Orc:2)
  A death drake (Swamp:3)
  3 goliath frogs
  A storm dragon skeleton (D:15)
  A glowing orange brain (Vaults:1)
  5 bog bodies
  42 deep trolls
  8 sea snakes
  4 spriggan druids
  A goliath frog (shapeshifter) (Vaults:3)
  8 swamp dragons
  A deep elf archer (Orc:2)
  12 mana vipers
  6 arcanists
  11 ironbound convokers
  15 lindwurms
  A lindwurm (shapeshifter) (D:14)
  A deep elf zephyrmancer (Orc:2)
  5 necromancers
  A phantasmal warrior (Vaults:2)
  3 orc knights
  4 deep elf pyromancers
  8 orc sorcerers (Orc:2)
  11 salamanders
  A salamander (shapeshifter) (D:14)
  2 will-o-the-wisps (Swamp:3)
  2 stone giant zombies (Vaults:1)
  3 cyclopes
  A manticore (shapeshifter) (D:13)
  20 ugly things
  10 manticores
  21 black mambas
  8 guardian serpents
  12 naga magi
  20 elephants
  A torpor snail (Lair:3)
  A stone giant skeleton (Vaults:1)
  A gargoyle (D:11)
  14 vault sentinels
  A kobold blastminer (Orc:2)
  3 large abominations (Swamp:4)
  7 orange demons
  An unseen horror (D:12)
  14 cane toads
  18 komodo dragons
  Jeremiah (D:9)
  24 yaktaurs
  6 rime drakes
  3 freezing wraiths (D:14)
  An efreet (D:14)
  2 tengu conjurers (WizLab)
  2 kobold demonologists
  8 trolls
  6 tyrant leeches
  4 polar bears
  13 hornets
  7 blink frogs (Lair:1)
  A snapping turtle (Lair:5)
  A fire giant simulacrum (Vaults:1)
  A jumping spider (Vaults:2)
  45 slime creatures
  A centaur simulacrum (D:14)
  5 wraiths
  A wyvern (Lair:4)
  9 shadows
  21 humans (D:14)
  9 vampires
  A fire elemental (D:14)
  37 yaks
  4 basilisks
  4 wargs (Orc:2)
  4 vampire mosquitoes
  4 steam dragons
  2 redbacks (Vaults:2)
  Menkaure (D:7)
  2 acid dragons
  A two-headed ogre zombie (D:11)
  13 water moccasins
  46 nagas
  13 swamp worms
  5 hell hounds (D:14)
  Pargi (Sewer)
  4 ice beasts
  2 sky beasts
  A black bear (D:5)
  A human zombie (Vaults:1)
  24 orc warriors
  A boggart (D:11)
  22 wolves
  14 ogres
  5 centaurs
  3 phantoms
  16 kobold brigands
  Blork the orc (D:5)
  15 bullfrogs
  A gnoll sergeant (D:10)
  4 scorpions
  8 wights
  6 killer bees (D:10)
  2 electric eels (D:11)
  A howler monkey (D:10)
  3 bombardier beetles
  3 hounds
  A jelly (D:4)
  19 orc priests
  A gnoll bouda (D:6)
  2 iguanas
  Ijyb (D:5)
  39 orc wizards
  7 ogre zombies (D:11)
  11 gnolls
  6 adders
  A river rat (D:3)
  3 white imps
  2 ufetubi (D:6)
  3 dart slugs
  3 ribbon worms (D:3)
  76 orcs
  2 bats
  7 endoplasms
  9 giant cockroaches
  3 gnoll zombies (D:11)
  6 goblins
  4 hobgoblins
  9 jackals
  20 kobolds
  4 quokkas
  7 ball pythons
  4 frilled lizards
  2 gnoll skeletons (D:11)
  4 orc skeletons (D:11)
  16 orc zombies (D:11)
  6 rats
1277 creatures vanquished.

Vanquished Creatures (others)
  A tengu conjurer (WizLab)
  3 orc wizards
  10 foxfires
14 creatures vanquished.

Grand Total: 1291 creatures vanquished

Notes
Turn   | Place    | Note
-------+----------+-------------------------------------------
     0 | D:1      | timneilson the Gargoyle Fighter began the quest for the
                  | Orb.
     0 | D:1      | Reached XP level 1. HP: 14/14 MP: 1/1
   150 | D:1      | Reached XP level 2. HP: 14/19 MP: 2/2
   236 | D:1      | Found Coorph's Antique Armour Shoppe.
   458 | D:1      | Reached XP level 3. HP: 19/23 MP: 3/3
   889 | D:2      | Identified the +1 sling of Triumph {freeze, rF+ rN+}
  1087 | D:2      | Reached skill level 4 in Shields
  1370 | D:3      | Found the +0 mask of the Dragon {Will+ Slay+3 SInv}
  1379 | D:3      | Reached XP level 4. HP: 28/28 MP: 4/4
  1398 | D:3      | Found a glowing drain.
  1425 | Sewer    | Entered a sewer
  1480 | Sewer    | Noticed Pargi
  1493 | Sewer    | Killed Pargi
  1494 | Sewer    | Reached skill level 1 in Dodging
  1494 | Sewer    | Reached XP level 5. HP: 33/33 MP: 5/5
  1557 | Sewer    | Identified a scroll of acquirement
  1557 | Sewer    | Acquired a +4 ring of slaying
  1687 | D:3      | Noticed a phantom
  1697 | D:3      | Killed a phantom
  1698 | D:3      | Reached XP level 6. HP: 38/38 MP: 6/6
  1822 | D:3      | Found a hazy altar of Hepliaklqana.
  1959 | D:3      | Found a faded altar of an unknown god.
  2406 | D:4      | Found a staircase to the Ecumenical Temple.
  2414 | Temple   | Entered the Ecumenical Temple
  2433 | Temple   | Became a worshipper of Gozag Ym Sagoz the Greedy
  2582 | D:4      | Found Decokk's Self-Improvement Boutique.
  2609 | D:4      | Reached skill level 5 in Armour
  2609 | D:4      | Reached skill level 5 in Shields
  2741 | D:4      | Found Usuarukk's Antique Armour Shop.
  2917 | D:5      | Entered Level 5 of the Dungeon
  2945 | D:5      | Reached XP level 7. HP: 43/43 MP: 7/7
  2945 | D:5      | Noticed Blork the orc
  2953 | D:5      | Killed Blork the orc
  3066 | D:5      | Noticed Ijyb
  3071 | D:5      | Killed Ijyb
  3383 | D:5      | Reached XP level 8. HP: 40/48 MP: 8/8
  3443 | D:5      | Reached skill level 6 in Shields
  3877 | D:5      | Found a large runed translucent door.
  3878 | D:5      | Found a large runed translucent door.
  3881 | D:5      | Noticed BoneyBoi1234's ghost (novice TrSh)
  4340 | D:6      | Reached skill level 5 in Fighting
  4443 | D:6      | Reached skill level 5 in Long Blades
  4678 | D:6      | Reached XP level 9. HP: 44/54 MP: 9/9
  4805 | D:6      | Reached skill level 7 in Shields
  6013 | D:7      | Noticed Menkaure
  6023 | D:7      | Killed Menkaure
  6098 | D:7      | Noticed a two-headed ogre
  6108 | D:7      | Killed a two-headed ogre
  6109 | D:7      | Reached skill level 8 in Shields
  6109 | D:7      | Reached XP level 10. HP: 28/60 MP: 10/10
  6601 | D:8      | Found a staircase to the Lair.
  6779 | D:8      | Found a white marble altar of Elyvilon.
  6779 | D:8      | Found a stormy altar of Qazlal.
  6779 | D:8      | Found a sacrificial altar of Ru.
  6781 | D:8      | Found a sparkling altar of Nemelex Xobeh.
  6833 | D:8      | Found Gyhest's Antique Armour Boutique.
  6858 | D:8      | Bought a pair of scorched gloves for 247 gold pieces
  6858 | D:8      | Identified the +2 pair of gloves of Vexation {rElec rF+
                  | MP+9} (You bought it in a shop on level 8 of the Dungeon)
  7046 | D:8      | Reached skill level 9 in Shields
  7079 | D:8      | Noticed a kobold demonologist
  7085 | D:8      | Noticed a smoke demon
  7087 | D:8      | Killed a kobold demonologist
  7340 | D:4      | Bought a manual of Fighting for 880 gold pieces
  7564 | D:8      | Noticed a two-headed ogre
  7580 | D:8      | Killed a two-headed ogre
  7695 | D:8      | Noticed a tengu warrior
  7696 | D:8      | Noticed a skeletal warrior
  7696 | D:8      | Noticed a centaur warrior
  7697 | D:8      | Noticed a cyclops
  7697 | D:8      | Noticed a skeletal warrior
  7698 | D:8      | Noticed a centaur warrior
  7698 | D:8      | Noticed a manticore
  7699 | D:8      | Noticed a cyan ugly thing
  7699 | D:8      | Noticed a tengu warrior
  8061 | D:8      | Found a runed translucent gate.
  8061 | D:8      | Found a runed translucent gate.
  8061 | D:8      | Noticed a spectral unseen horror
  8061 | D:8      | Noticed mainiacjoe's ghost (novice OpEE)
  8062 | D:8      | Found a runed translucent gate.
  8151 | D:9      | Reached XP level 11. HP: 45/67 MP: 11/11
  8601 | D:9      | Noticed Jeremiah
  8820 | D:9      | Found an ancient bone altar of Kikubaaqudgha.
  8834 | D:9      | Killed Jeremiah
  8835 | D:9      | Reached skill level 10 in Armour
  8973 | D:9      | Reached skill level 10 in Shields
  9483 | D:10     | Entered Level 10 of the Dungeon
  9930 | D:10     | Reached skill level 5 in Dodging
 10539 | D:11     | Noticed a manticore
 10547 | D:11     | Killed a manticore
 10736 | D:11     | Found a staircase to the Orcish Mines.
 10840 | D:11     | Noticed a green ugly thing
 10852 | D:11     | Killed a green ugly thing
 11076 | D:11     | Noticed a two-headed ogre
 11091 | D:11     | Killed a two-headed ogre
 11092 | D:11     | Reached skill level 11 in Shields
 11092 | D:11     | Reached XP level 12. HP: 58/76 MP: 12/12
 11159 | D:11     | Noticed a two-headed ogre
 11159 | D:11     | Noticed a two-headed ogre
 11178 | D:11     | Killed a two-headed ogre
 11189 | D:11     | Killed a two-headed ogre
 11303 | D:8      | Bought the +3 Mad Mage's Maulers {Infuse+∞ VampMP -Cast}
                  | for 1040 gold pieces
 11303 | D:8      | Found the +3 Mad Mage's Maulers {Infuse+∞ VampMP -Cast}
 11691 | D:11     | Noticed a two-headed ogre
 11705 | D:11     | Killed a two-headed ogre
 11867 | D:11     | Reached skill level 10 in Fighting
 12834 | D:11     | Found a shadowy altar of Dithmenos.
 12834 | D:11     | Noticed a rakshasa
 12862 | D:11     | Killed a rakshasa
 12951 | D:11     | Noticed a rakshasa
 12959 | D:11     | Killed a rakshasa
 13129 | D:12     | Reached skill level 12 in Shields
 13325 | D:12     | Found a transporter.
 13331 | D:12     | Noticed chippings's ghost (journeyman DrSh)
 13333 | D:12     | Found a bloodstained altar of Trog.
 13391 | D:12     | Found a transporter.
 13482 | D:12     | Reached skill level 10 in Long Blades
 14304 | D:13     | Reached XP level 13. HP: 79/84 MP: 2/13
 16680 | Lair:1   | Entered Level 1 of the Lair of Beasts
 17076 | Lair:1   | Reached skill level 13 in Shields
 19020 | Lair:2   | Noticed Fannar
 19121 | Lair:1   | Killed Fannar
 19180 | Lair:2   | Gained mutation: Your large and strong wings let you fly.
                  | [Gargoyle growth]
 19180 | Lair:2   | Reached XP level 14. HP: 92/92 MP: 1/14
 19198 | Lair:2   | Found a staircase to the Swamp.
 20280 | Lair:3   | Noticed Gastronok
 20306 | Lair:2   | Killed Gastronok
 20564 | Lair:3   | Noticed Rupert
 20565 | Lair:3   | Paralysed by Rupert for 5 turns
 20579 | Lair:3   | Killed Rupert
 20852 | Lair:3   | Reached skill level 14 in Shields
 21138 | Lair:3   | Found a staircase to the Snake Pit.
 21294 | Lair:3   | Noticed Urug
 21303 | Lair:3   | Killed Urug
 22964 | Lair:4   | Found a staircase to the Slime Pits.
 23098 | Lair:4   | Found an ornate altar of the Wu Jian Council.
 23100 | Lair:4   | Found a hide-covered altar of Uskayaw.
 24541 | Lair:4   | Reached XP level 15. HP: 90/100 MP: 1/15
 24963 | Lair:5   | Entered Level 5 of the Lair of Beasts
 25274 | Lair:5   | Identified the ring of Jeerch {Wiz rElec rPois Will+++
                  | Dex-4}
 25607 | Lair:5   | Reached skill level 15 in Armour
 25607 | Lair:5   | Reached skill level 1 in Evocations
 25876 | Lair:5   | Reached skill level 15 in Shields
 26571 | Orc:1    | Entered Level 1 of the Orcish Mines
 26848 | Orc:1    | Noticed Snorg
 26866 | Orc:1    | Killed Snorg
 27397 | Orc:2    | Entered Level 2 of the Orcish Mines
 27808 | Orc:2    | Found a staircase to the Elven Halls.
 28036 | Orc:2    | Found Mipseceg's Magic Scroll Boutique.
 28304 | Orc:2    | Bought a scroll of acquirement for 780 gold pieces
 28326 | Orc:2    | Found Hykej's Magic Scroll Shop.
 28435 | Orc:2    | Found an ancient bone altar of Kikubaaqudgha.
 28436 | Orc:2    | Noticed Nergalle
 28451 | Orc:2    | Killed Nergalle
 28464 | Orc:2    | Found Moarios's Book Boutique.
 28650 | Orc:2    | Found a radiant altar of Vehumet.
 28706 | Orc:2    | Found Siulee's Antique Weapon Boutique.
 29053 | Orc:2    | Noticed an orc warlord
 29054 | Orc:2    | Noticed an orc warlord
 29066 | Orc:2    | Killed an orc warlord
 29076 | Orc:2    | Killed an orc warlord
 30207 | D:11     | Bought a manual of Shields for 1040 gold pieces
 30711 | D:14     | Noticed Azrael
 30730 | D:14     | Killed Azrael
 31002 | D:14     | Found a gate to the Vaults.
 31200 | D:14     | Reached XP level 16. HP: 107/107 MP: 1/16
 31208 | D:14     | Reached skill level 16 in Shields
 31452 | D:14     | Found a white marble altar of Elyvilon.
 31855 | D:14     | Reached skill level 15 in Fighting
 31942 | D:14     | Acquired 699 gold pieces
 31988 | D:15     | Entered Level 15 of the Dungeon
 32195 | D:15     | Noticed Jorgrun
 32205 | D:15     | Killed Jorgrun
 32339 | D:15     | Found a staircase to the Depths.
 33293 | D:15     | Noticed Louise
 33395 | D:14     | Killed Louise
 33774 | D:15     | Bought a crude cloak for 190 gold pieces
 33774 | D:15     | Identified the +2 cloak "Roudus" {*Slow rN+ Regen+ rCorr}
                  | (You bought it in a shop on level 15 of the Dungeon)
 33978 | Snake:1  | Entered Level 1 of the Snake Pit
 34178 | Snake:1  | Found a transporter.
 34281 | Snake:1  | Found a transporter.
 34383 | Snake:1  | Reached skill level 17 in Shields
 34661 | Snake:1  | Found a transporter.
 34663 | Snake:1  | Found a transporter.
 34674 | Snake:1  | You are sucked into a shaft and drop 1 floor!
 34676 | Snake:2  | Identified the serpent talisman of the Will of the Gods
                  | {*Corrode Will+ Int+9}
 34676 | Snake:2  | Noticed Aizul
 34692 | Snake:1  | Killed Aizul
 34706 | Snake:1  | Found a transporter.
 34792 | Snake:1  | Found a transporter.
 35967 | Snake:2  | Noticed Vashnia
 36232 | Snake:2  | Killed Vashnia
 36413 | Snake:2  | Noticed a nagaraja
 36418 | Snake:2  | Killed a nagaraja
 36426 | Snake:2  | Reached XP level 17. HP: 109/113 MP: 2/17
 37556 | Snake:3  | Reached skill level 18 in Shields
 38366 | Snake:3  | Reached skill level 5 in Evocations
 39381 | Snake:4  | Entered Level 4 of the Snake Pit
 39764 | Snake:4  | Noticed Saint Roka
 40434 | Snake:4  | Killed Saint Roka
 40665 | Snake:4  | Reached skill level 19 in Shields
 41474 | Snake:4  | Reached XP level 18. HP: 84/120 MP: 1/18
 42301 | Snake:4  | Got a serpentine rune of Zot
 42608 | Swamp:1  | Entered Level 1 of the Swamp
 42609 | Swamp:1  | Noticed Nikola
 42629 | Swamp:1  | Killed Nikola
 42829 | D:8      | Bought the amulet of the Four Winds {rN+ Will+++ Clar} for
                  | 1274 gold pieces
 42829 | D:8      | Found the amulet of the Four Winds {rN+ Will+++ Clar}
 43201 | Swamp:1  | Reached skill level 15 in Long Blades
 44198 | Swamp:2  | Reached skill level 20 in Shields
 45292 | Swamp:3  | Noticed a tentacled monstrosity
 45306 | Swamp:3  | Killed a tentacled monstrosity
 46340 | Swamp:4  | Entered Level 4 of the Swamp
 46698 | Swamp:4  | Identified the +2 short sword of Xuuxkifor {flame, Str+4
                  | Dex+2}
 46791 | Swamp:4  | Reached skill level 10 in Dodging
 47618 | Swamp:4  | Reached XP level 19. HP: 127/127 MP: 1/19
 48393 | Swamp:4  | Got a decaying rune of Zot
 48890 | Vaults:1 | Entered Level 1 of the Vaults
 48989 | Vaults:1 | Reached skill level 21 in Shields
 49395 | Vaults:1 | Found a magical portal.
 49404 | WizLab   | Entered Yara's Duelist Academy
 49796 | WizLab   | Noticed Ybraosma
 49809 | WizLab   | Killed Ybraosma the Head Instructor
 50333 | Vaults:1 | Found Wenwa's Magic Scroll Emporium.
 50398 | Vaults:1 | Bought 3 scrolls of acquirement for 2808 gold pieces
 50398 | Vaults:1 | Acquired a manual of Fighting
 50400 | Vaults:1 | Acquired 636 gold pieces
 50402 | Vaults:1 | Acquired a manual of Dodging
 51594 | Vaults:2 | Reached XP level 20. HP: 134/134 MP: 4/20
 52631 | Vaults:2 | Identified the scarf of the Good {harm, rF+++ rC++ Stlth-}
 53131 | Vaults:2 | Identified the +2 robe "Wegg" {Dex+2}
 53403 | Vaults:3 | Found a staircase to the Crypt.
 53705 | Vaults:3 | Found a huge runed translucent gate.
 53705 | Vaults:3 | Found a huge runed translucent gate.
 53705 | Vaults:3 | Found a huge runed translucent gate.
 53705 | Vaults:3 | Found a huge runed translucent gate.
 53705 | Vaults:3 | Found a huge runed translucent gate.
 53705 | Vaults:3 | Found a huge runed translucent gate.
 53705 | Vaults:3 | Found a huge runed translucent gate.
 53705 | Vaults:3 | Found a huge runed translucent gate.
 53705 | Vaults:3 | Found a huge runed translucent gate.
 53706 | Vaults:3 | Found a huge runed translucent gate.
 53706 | Vaults:3 | Found a huge runed translucent gate.
 53706 | Vaults:3 | Found a huge runed translucent gate.
 53706 | Vaults:3 | Found a huge runed translucent gate.
 53706 | Vaults:3 | Found a huge runed translucent gate.
 53706 | Vaults:3 | Found a huge runed translucent gate.
 53708 | Vaults:3 | Found a huge runed translucent gate.
 53710 | Vaults:3 | Found a huge runed translucent gate.
 53711 | Vaults:3 | Found a huge runed translucent gate.
 53712 | Vaults:3 | Found a huge runed translucent gate.
 53713 | Vaults:3 | Found a huge runed translucent gate.
 53713 | Vaults:3 | Found a huge runed translucent gate.
 54128 | Vaults:3 | Identified the +2 spear of Tiod {heavy, *Rage rC+ Str+2
                  | Int+2}
 54198 | Vaults:3 | Found a huge runed translucent gate.
 54199 | Vaults:3 | Found a huge runed translucent gate.
 54200 | Vaults:3 | Found a huge runed translucent gate.
 54200 | Vaults:3 | Found a huge runed translucent gate.
 54202 | Vaults:3 | Found a huge runed translucent gate.
 54203 | Vaults:3 | Found a huge runed translucent gate.
 54204 | Vaults:3 | Found a huge runed translucent gate.
 54241 | Vaults:3 | Reached skill level 22 in Shields
 54387 | Vaults:3 | Found a huge runed translucent gate.
 54387 | Vaults:3 | Found a huge runed translucent gate.
 54391 | Vaults:3 | Found a huge runed translucent gate.
 54392 | Vaults:3 | Found a huge runed translucent gate.
 54393 | Vaults:3 | Found a huge runed translucent gate.
 54393 | Vaults:3 | Found a huge runed translucent gate.
 54393 | Vaults:3 | Found a huge runed translucent gate.
 54400 | Vaults:3 | Found a huge runed translucent gate.
 55058 | Vaults:3 | HP: 5/136 [catoblepas (13)]
 55059 | Vaults:3 | Killed from afar by a frost giant

Illustrated notes

Levels and vault maps discovered:
D:1:      dpeg_arrival_tiny_c, layout_basic, serial_shops, shop
D:2:      layout_loops_cross
D:3:      layout_basic, marbit_many_paths, serial_rivers,
          chequers_serial_rivers_large_a, chequers_serial_rivers_micro_b,
          chequers_serial_rivers_room_a, chequers_serial_rivers_micro_d,
          chequers_serial_rivers_micro_b,
          hellmonk_ecumenical_altar_slurped_away, cheibrodos_sewer_entry_sluice
D:4:      layout_basic, minmay_temple_entry_ruins, serial_shops,
          nicolae_shop_waterfront, dreamdust_princess_corridor,
          nicolae_shop_self_help
D:5:      layout_loops_ring, ebering_ghost_disaster_area, serial_bayou,
          serial_bayou_pond_a, serial_bayou_ford_a, serial_bayou_crossing,
          serial_bayou_shore_a, minmay_holes, uniq_blork_the_orc, uniq_ijyb
D:6:      layout_basic, lemuel_flamethrower_2
D:7:      layout_loops_corners, uniq_menkaure
D:8:      layout_basic, chequers_temple_overflow_statue_of_worship,
          erik_lair_orcish_takeover, gammafunk_ghost_necromancy, serial_shops,
          nicolae_shop_statue_plus, special_room [special_room_kobold],
          minivault_12
D:9:      layout_loops_ring, general_overflow_altar,
          hangedman_decor_diamond_cutter, uniq_jeremiah
D:10:     layout_basic
D:11:     regret_index_dithmenos_penumbral_divide, layout_basic,
          zombieorc2_lemuel, kennysheep_cross_bottleneck,
          kennysheep_generic_room_15
D:12:     layout_gridville, gammafunk_ghost_wrathful_warriors
D:13:     layout_loops_corners, einodemon_barbed_minivault
D:14:     layout_stronghold, grunt_vaults_entry_tiered,
          chequers_serial_rivers_marsh, elyvilon_altar_4, uniq_azrael
D:15:     gammafunk_depths_entry_grave, layout_cave_pools, nicolae_sextant,
          uniq_jorgrun, uniq_louise
Temple:   nicolae_temple_slightly_damp_pantheon
Lair:1:   layout_roguey
Lair:2:   layout_loops_ring, skrybe_swamp_entry_bodies, uniq_fannar
Lair:3:   nzn_winding_woodlands_cross [nzn_winding_woodlands_5x15_concentric,
          nzn_winding_woodlands_5x15_pockets, nzn_winding_woodlands_5x15_jagged,
          nzn_winding_woodlands_5x15_garden,
          nzn_winding_woodlands_15x15_five_gardens], layout_cave_pods,
          guppyfry_snake_entry_island, uniq_rupert, uniq_urug, uniq_gastronok
Lair:4:   layout_cellular_growth, slime_entry_1, nzn_masters_of_martial_movement
Lair:5:   gammafunk_lair_ancient_temple, layout_loops_ring,
          infiniplex_staircase_pool_2
Swamp:1:  layout_falls_marsh, serial_swamp_ruin, evilmike_swamp_ruin_rubble_2,
          evilmike_swamp_ruin_rubble_1, evilmike_swamp_ruin_house_2, uniq_nikola
Swamp:2:  layout_basic_swamp, nicolae_swamp_feature_on_the_river_bank,
          nicolae_swamp_tree_isthmus, nicolae_swamp_long_stream
Swamp:3:  layout_basic_swamp, nicolae_swamp_tree_designs
Swamp:4:  swamp_vile, layout_basic_swamp, swamp_pool_3, grunt_witch_cave
Snake:1:  layout_gridlike, drop_trap, serial_nicolae_subway,
          nicolae_sub_station_crystal, nicolae_sub_station_metal,
          nicolae_sub_station_stone
Snake:2:  layout_misc_corridors, grunt_megastairs_5, uniq_aizul, uniq_vashnia
Snake:3:  layout_cave_town, grunt_megastairs_3
Snake:4:  grunt_snake_rune_pools, layout_cave_town, uniq_saint_roka
Orc:1:    layout_caves, uniq_snorg
Orc:2:    kennysheep_orc_mage_school, layout_diamond_mine, elf_legates
Vaults:1: mu_enter_wizlab_3, ontoclasm_vaults_ligature,
          nicolae_vaults_tetromino_T_2, nicolae_vaults_network_star,
          v_alt_pattern_6, ontoclasm_vaults_twist,
          nicolae_vaults_cornered_office, nicolae_vaults_quartermaster,
          vaults_mumra_chevron_long, vaults_room_pool,
          nicolae_vaults_tetromino_Z_2, vaults_room_door_ring,
          vaults_mumra_chevron, layout_vaults_maze_bifur, serial_shops,
          nicolae_shop_temple_entry_statues_fountains
Vaults:2: v_misc_16, nicolae_vaults_prndl, v_alt_pattern_6, vaults_room_grid,
          nicolae_vaults_little_squares_3, nicolae_vaults_house_1,
          nicolae_vaults_double_plus_1, vaults_dpeg_ring, layout_vaults_omnigrid
Vaults:3: nicolae_vaults_oval_intersection, st_greater_box_2,
          minmay_crypt_entry_vampire_xt, not_door_vault_mu,
          ontoclasm_vaults_chip, vaults_dpeg_emergency_exit,
          nicolae_vaults_tetromino_Z_1, hangedman_vaults_stitches,
          hangedman_vaults_impose, vaults_room_large_hall, vaults_room_grid,
          grunt_vaults_bifocal, nicolae_vaults_house_3, layout_vaults_omnibox

Skill      XL: |  1  2  3  4  5  6  7  8  9 10 11 12 13 14 15 16 17 18 19 20 |
---------------+-------------------------------------------------------------+-----
Long Blades    | 2 3 4 5 6 7 9 10 11 12 13 14 15 16 17 | 17.0
Shields        | 4 5 6 8 9 11 12 13 14 15 17 19 20 21 22 | 22.1
Armour         | 4 5 7 8 9 11 12 13 14 15 16 17 18 19 20 | 20.1
Dodging        | 1 2 3 4 5 6 7 8 9 10 11 | 11.7
Fighting       | 4 5 6 7 9 10 12 13 14 15 16 17 18 | 18.3
Evocations     | 3 4 5 6 7 8 |  8.7

Action                     |  1- 3 |  4- 6 |  7- 9 | 10-12 | 13-15 | 16-18 | 19-21 || total
---------------------------+-------+-------+-------+-------+-------+-------+-------++-------
  Melee: Long sword        |   129 |   116 |   261 |   739 |   964 |       |       ||  2209
         Scimitar          |       |       |       |       |    75 |  1103 |   320 ||  1498
         Double sword      |       |       |       |       |       |       |   716 ||   716
  Throw: Dart              |       |       |     1 |       |       |       |       ||     1
 Invoke: Call Merchant     |       |       |       |       |     1 |     4 |       ||     5
  Evoke: Wand              |       |       |       |     3 |     3 |     4 |       ||    10
         Condenser vane    |       |       |       |       |     1 |     1 |     2 ||     4
    Use: Scroll            |     6 |     9 |     3 |     8 |     5 |     2 |     6 ||    39
         Potion            |       |       |       |       |     3 |     2 |     1 ||     6
   Stab: Distracted        |       |       |     2 |     5 |     5 |    13 |     2 ||    27
 Armour: Scale mail        |    38 |       |       |       |       |       |       ||    38
         Chain mail        |    93 |    95 |   128 |       |       |       |       ||   316
         Plate armour      |       |       |    43 |   462 |   652 |   498 |   392 ||  2047
  Dodge: Dodged            |    56 |    46 |    69 |   171 |   316 |   200 |   217 ||  1075
  Block: Buckler           |    43 |    31 |   102 |   253 |   229 |       |       ||   658
         Kite shield       |       |       |       |       |   266 |       |       ||   266
         Tower shield      |       |       |       |       |     5 |  1206 |  1195 ||  2406
